 Dungeon Crawl Stone Soup version 0.19.0-2-gae57169 (webtiles) character file.

144 Gingerlord the Slasher (level 5, 0/32 HPs)
             Began as a Human Wanderer on Nov 7, 2016.
             Slain by a hobgoblin
             ... wielding a +0 club
              (1 damage)
             ... on level 4 of the Dungeon.
             The game lasted 00:07:56 (3779 turns).

Gingerlord the Slasher (Human Wanderer)             Turns: 3779, Time: 00:07:57

Health: 0/32       AC:  6    Str: 11    XL:     5   Next: 51%
Magic:  5/5        EV:  9    Int: 15    God:
Gold:   193        SH:  0    Dex: 12    Spells: 0 memorised, 4 levels left

rFire  . . .     SeeInvis .     b - +0 falchion
rCold  + . .     Gourm    .     t - +0 scale mail
rNeg   . . .     Faith    .     (no shield)
rPois  .         Spirit   .     (no helmet)
rElec  .         Reflect  .     (no cloak)
rCorr  .         Harm     .     (no gloves)
MR     .....                    (no boots)
Stlth  ..........               (no amulet)
                                (no ring)
                                m - ring of protection from cold

@: confused, lethally poisoned (0 -> -4)
A: frail 2, MP-powered wands
a: no special abilities


You were on level 4 of the Dungeon.
You were not hungry.

You visited 1 branch of the dungeon, and saw 4 of its levels.

You collected 193 gold pieces.

Inventory:

Hand Weapons
 b - a +0 falchion (weapon)
Armour
 t - a +0 scale mail (worn)
Jewellery
 m - a ring of protection from cold (left hand)
Wands
 g - a wand of confusion (46/48)
Scrolls
 a - 3 scrolls of remove curse
 c - a scroll of amnesia {unknown}
 e - a scroll of teleportation
 h - a scroll of recharging
 i - 2 scrolls of fog {unknown}
 j - 2 scrolls of enchant armour
 k - a scroll of blinking {unknown}
 n - 3 scrolls of enchant weapon {unknown}
 o - a scroll of random uselessness {unknown}
 u - a scroll of fear {unknown}
Comestibles
 l - 2 meat rations
 p - a beef jerky


   Skills:
 + Level 3.1 Fighting
 + Level 3.8 Long Blades
 + Level 2.0 Armour
 + Level 2.2 Dodging
   Level 2.0 Shields
   Level 3.0 Translocations


You had 4 spell levels left.
You didn't know any spells.

Dungeon Overview and Level Annotations

Branches:
Dungeon (4/15)
 Temple: D:4-7

Altars:


Innate Abilities, Weirdness & Mutations

You are very frail. (-20% HP)
You expend magic power (3 MP) to strengthen your wands.


Message History

* * * LOW HITPOINT WARNING * * *
You feel sick.
A leopard gecko comes into view.
* * * LOW HITPOINT WARNING * * *
You feel sick.
The leopard gecko hisses angrily.
* * * LOW HITPOINT WARNING * * *
You feel sick.
The orc wizard shouts!
The orc wizard casts a spell at you.
You are confused.
Unknown command.
You aren't carrying any potions.
You're too confused!
* * * LOW HITPOINT WARNING * * *
You feel sick. The hobgoblin closely misses you.
The hobgoblin hits you but does no damage.
* * * LOW HITPOINT WARNING * * *
You feel sick. The hobgoblin hits you with a club.
You die...

### #.# #######
##############.## .. #.......
................####.##....{..
.#...#...#...#........#...(..
................## ..#....
.#...#...#...#...####....#
..........)....#........#
##############.##.......#
#....lg@o####..# #.....####
#...# #.....# #.#.# #.....#
##.#.# (..########### ##..#.#
#.....<# #..##.# ######.######
##.###.# #......###..###.#
######..(.....#a#


You could see an orc wizard, a leopard gecko and a hobgoblin.

Vanquished Creatures
  A gnoll (D:2)
  5 adders
  A worm (D:2)
  2 dart slugs
  6 leopard geckos
  3 orcs
  A ball python (D:1)
  5 bats
  5 giant cockroaches
  8 hobgoblins
  8 jackals (D:2)
  2 quokkas
  3 frilled lizards
  7 goblins
  7 kobolds
  7 rats
71 creatures vanquished.

Notes
Turn   | Place    | Note
-------+----------+-------------------------------------------
     0 | D:1      | Gingerlord the Human Wanderer began the quest for the Orb.
     0 | D:1      | Gingerlord set off with: a book of Spatial Translocations, a +0 falchion, a potion of lignification, a +0 robe, a bread ration
     0 | D:1      | Reached XP level 1. HP: 16/16 MP: 1/1
   156 | D:1      | Reached XP level 2. HP: 21/22 MP: 2/2
   312 | D:1      | Reached skill level 1 in Dodging
   695 | D:1      | Reached skill level 1 in Armour
   695 | D:1      | Reached XP level 3. HP: 22/28 MP: 3/3
   981 | D:2      | Gained mutation: You are frail. (-10% HP) [potion of mutation]
   981 | D:2      | Gained mutation: You expend magic power (3 MP) to strengthen your wands. [potion of mutation]
   981 | D:2      | Gained mutation: You are very frail. (-20% HP) [potion of mutation]
  1402 | D:2      | Reached XP level 4. HP: 16/27 MP: 4/4
  1759 | D:2      | HP: 2/40 [worm (1)]
  2077 | D:2      | Found a faded altar of an unknown god.
  2533 | D:3      | Reached XP level 5. HP: 31/32 MP: 5/5
  3779 | D:4      | HP: 1/32 [poisoned by a worker ant]
  3779 | D:4      | Slain by a hobgoblin

Skill      XL: |  1  2  3  4  5 |
---------------+----------------+-----
Dodging        | 1 2 |  2.2
Armour         | 1 2 |  2.0
Fighting       | 3 |  3.1
Long Blades    | |  3.8
Shields        | |  2.0
Translocations | |  3.0

Action                   |  1- 3 |  4- 6 || total
-------------------------+-------+-------++-------
Melee: Falchion          |   108 |   159 ||   267
Evoke: Wand              |       |     1 ||     1
  Use: Potion            |     2 |     7 ||     9
       Scroll            |       |     5 ||     5
  Eat: Chunk             |     1 |     6 ||     7
       Bread ration      |       |     1 ||     1
Armor: Robe              |    23 |     8 ||    31
       Skin              |       |     5 ||     5
       Scale mail        |       |    43 ||    43
Dodge: Dodged            |    84 |    91 ||   175
       Rpst.: Falchion   |    33 |    28 ||    61
